[Event "44th Chess Olympiad Open 2022"]
[Site "Chennai"]
[Date "2022.08.06"]
[Round "8.3"]
[White "Keymer, Vincent"]
[Black "Abdusattorov, Nodirbek"]
[Result "1/2-1/2"]
[WhiteElo "2686"]
[BlackElo "2688"]
[Annotator "TA"]
[PlyCount "85"]
[EventDate "2022.??.??"]
[TimeControl "60"]

1. Nf3 d5 2. g3 Nc6 3. d4 Bf5 4. Bg2 Nb4 5. Na3 e6 6. O-O Be7 7. c3 {[%emt 0:03:01] D02:1 d4
d5 2 Nf3 sidelines, including 2...Nf6 3 g3 and 2...Nf6 3 Bf4.} Nc6 8. Qa4 Nf6 9. Ne5 O-O 10. Nxc6 bxc6 11. Qxc6 {
[%emt 0:00:09] [#]} h5 $146 ({
Predecessor:} 11... Rb8 12. Qa4 c5 13. dxc5 Bxc5 14. b4 Bb6 15. Bf4 Rc8 16.
Rac1 Ne4 17. c4 dxc4 18. Nxc4 {1-0 (50) Efimenko,Z (2602)-Bluebaum,M (2647)
Chess.com INT 2020}) 12. Nb1 h4 13. Bf4 Rb8 14. b4 ({But not} 14.
Bxc7 $2 Qc8 15. Nd2 h3 $19) 14... Bd6 15. Bxd6 cxd6 16. Qa4 h3 17. Bh1 Qb6 18. Nd2 Rfc8 19. Rfc1 e5 20. e3 e4 21. f3 (21. Qc2 $11) 21...
a5 22. a3 Qa6 23. c4 (23. Qc2 $1 $11 {remains equal.}) 23... exf3 $17 24. b5 Qa7 25.
Bxf3 {[%emt 0:01:01] [#]} Qe7 $1 26. Kf2 Re8 27. Re1 dxc4 28. e4 {
[%emt 0:00:13] [#]} Qa7 $1 29. Qxc4 d5 30. Qc5 ({Avoid the trap} 30. exd5 $2 Rbc8 31.
Rxe8+ Nxe8 $19) 30... Qxc5 31. dxc5 dxe4 32. g4 $1 Red8 (32... Bxg4
$15 33. Bxg4 Nxg4+ 34. Kg3 f5) 33. Nxe4 $11 {[%emt 0:02:33] The position is
equal.} Bxe4 34. Bxe4 Rxb5 35. Rac1 Rb2+ 36. Kg3 g5 37. Rc3 Rd1 38. Rce3 ({Wrong is} 38. Bh7+ $2 Kxh7 39. Rxd1 Ne4+ 40. Kxh3 Nxc3 $19)
38... Nxe4+ 39. Rxe4 Rxe1 40. Rxe1 {[%emt 0:00:06] aiming for Rc1.} Rb3+ 41. Kf2 {
[%emt 0:30:06] Re3 is the strong threat.} Rc3 42. Re3 Rxc5 43. Kg3 {[%emt 0:00:00] White happily
takes the draw. Weighted Error Value: White=0.15 (very precise) /Black=0.10 
(very precise)} 1/2-1/2

[Event "44th Chess Olympiad Open 2022"]
[Site "Chennai"]
[Date "2022.08.06"]
[Round "8.3"]
[White "Svane, Rasmus"]
[Black "Sindarov, Javokhir"]
[Result "1/2-1/2"]
[WhiteElo "2649"]
[BlackElo "2629"]
[Annotator "TA"]
[PlyCount "81"]
[EventDate "2022.??.??"]
[TimeControl "60"]

1. d4 Nf6 2. Nf3 g6 3. Nbd2 d5 4. b3 a5 5. e3 Bg7 6. Bb2 {[%emt 0:07:16] [#] D02:1
d4 d5 2 Nf3 sidelines, including 2...Nf6 3 g3 and 2...Nf6 3 Bf4.} a4 $146 ({Predecessor:} 6... O-O 7. Be2 a4 8. bxa4 Rxa4 9. c4 Ra7 10.
O-O c6 11. a4 Bf5 12. Ba3 Ne4 13. Nxe4 Bxe4 {1-0 (41) Manolache,M (2469)
-Villar Perez,S (2188) Pontevedra 2022}) 7. c4 O-O 8. Bd3 c5 9. dxc5 Na6 10. cxd5 {[%emt 0:15:13] With the idea Bxa6.} Nxc5 11. Bc4 Nxd5 12. Bxg7 Kxg7 13. O-O Nb6 14. Be2 axb3 15. axb3 {[%emt 0:01:03] 
[#] Black must now prevent Rxa8.} Bg4 16. Rxa8 Qxa8 17. Qc2 Rc8 18. Qc3+ Kg8 19. Qb4 Bxf3 20. Nxf3 Nd5 21. Qd4 b5 (21... e6 $11) 22. Ra1 (
22. Bxb5 $6 Nxb3 23. Qb2 Nc5 $11) 22... Qc6 23. Rc1 (23. Ne5 $16 Qd6 24. Ng4 (24. Bxb5 $2 Nxb3 25. Qg4 f5 $19)) 23... b4 $1
$14 24. Ne5 Qd6 {[%emt 0:05:09] [#] aiming
for ...Nc3.} 25. Ng4 {[%emt 0:02:02] White threatens Nh6+ and mate.} f6 {
[%emt 0:03:23] ...Kg7 is the strong threat.} 26. Bc4 Ne6 27. Qd3 {[%emt 0:00:20] Hoping for e4.} (27. Qd2 $5 Kg7 28. Rd1 $16 (28. e4 Nb6 $11)) 27... Kg7 (27... Qc6
$1 $11) 28. Rd1 Nec7 29. e4 ({Don't play} 29. Bxd5 Qxd5 30. Qxd5 Nxd5 $15) 29... h5 (29... Nc3 $2 30. Qxd6 exd6 31. Rxd6 Nxe4 32. Rc6 $18) 30. Ne3 Nxe3 31. Qxd6 exd6 32. fxe3 {[%emt 0:00:10] Endgame KRB-KRN} Rd8 33. Rd4 (33. Kf2 $14) 33... Kf8 $11 {[%emt 0:00:04] The position is
equal.} 34. Be2 Ne6 35. Rxb4 Nc5 36. Rb6 Nxe4 37. Bd3 f5 38. b4 Ke7 39. Bxe4 fxe4 40. b5 Rc8 41. Rb7+ {[%emt 0:30:57] Weighted Error Value: White=0.06 
(flawless) /Black=0.09 (flawless)} 1/2-1/2

[Event "44th Chess Olympiad Open 2022"]
[Site "Chennai"]
[Date "2022.08.06"]
[Round "8.3"]
[White "Yakubboev, Nodirbek"]
[Black "Bluebaum, Matthias"]
[Result "1-0"]
[WhiteElo "2620"]
[BlackElo "2673"]
[Annotator "TA"]
[PlyCount "103"]
[EventDate "2022.??.??"]
[TimeControl "60"]

1. e4 e5 2. Nf3 Nf6 3. Nxe5 d6 4. Nf3 Nxe4 5. d4 d5 6. Bd3 Bd6 7. O-O O-O 8. c4 c6 9. Re1 Bf5 10. Qb3 Qd7 {[%emt 0:02:46] C42: Petroff
Defence: 3 Nxe5 and unusual White 3rd moves.} 11. c5 Bc7 12. Nc3 Re8 {[%emt 0:12:01] The
position is equal.} 13. Be3 {[%emt 0:00:02] [#]} h6 $146 ({
Predecessor:} 13... Na6 14. Ne2 f6 15. a3 g5 16. Qc2 h5 17. Rad1 h4 18. Nd2 Qh7
19. Nxe4 Bxe4 20. Bxe4 Qxe4 21. Qxe4 Rxe4 {½-½ (33) Giri,A (2772)-Vidit,S 
(2727) Wijk aan Zee 2022}) 14. Rac1 Qc8 15.
Nh4 Bh7 16. f3 Nxc3 17. Qxc3 Nd7 18. Bxh7+ Kxh7 19. Nf5 Qd8 20. Bf2 {[%emt 0:12:47] [#] And now Rxe8 would win.} Qf6 21. g4 g6 (21... Bf4 $11) 22. Bh4 $16 Qh8 23. Nd6 Bxd6 24. cxd6 g5 25. Bg3 Qf6 26. Kg2 (26. a4 $16) 26... Nb6 (26... Nf8 $1 $14) 27. b3 a5 {[%emt 0:05:47] Inhibits
Qb4.} (27... Nd7 $16 {keeps fighting.}) 28. Rc2 $18 {[%emt 0:09:27] Threatens
to win with Rce2.} Nd7 {[%emt 0:08:50] [#]} 29. Rce2 $1 Re6 30. Qd3+ (30. Rxe6 $18 fxe6 31. Qe3) 30... Kg7
$16 31. Rxe6 fxe6 32. Qe3 (32. Be5 $6 Nxe5 33. dxe5 Qf4 $11) 32... Re8 33. f4 (33. Be5 $6 Nxe5 34. dxe5 (34. Qxe5 Rf8 $14) 34... Qf4
$14) (33. Rh1 $142) 33... gxf4 34. Bxf4 Qg6 35. h3 h5 (
35... b6 $16) 36. Be5+ Kh7 37. g5 Kg8 38. Bg3 Kh7 ({
Black should try} 38... b6) 39. h4 Kg8 40.
Qe2 Kg7 41. Kh2 Kg8 42. Qd2 ({Better is} 42. a3 $18) 42... Ra8 43. Re3 (43. Qe3 $18 Re8 44. Qe2) 43... a4 {
[%emt 0:05:37] Black cannot hold the game after this.} (43... b6 $1 $14) 44. b4 b5 45. Qe2 Re8 (45... Kf7 $142 46. Rc3 Rc8) 46. Be5 $18 Kh7 $2 (46... Qf5 {is a better defense.} 47. Bg3 (47.
Qxh5 Qf2+ 48. Kh1 Qf1+ 49. Kh2 Qf2+ 50. Kh1 Qf1+ 51. Kh2 Qf2+ $11) 47... Qg6)
47. Bf6 {[%emt 0:04:08] aiming for Be7.} Qf7 (47... Kg8 $142
48. Be7 (48. Rxe6 Rxe6 49. Qxe6+ Kf8 $16) 48... Kf7 49. Rf3+ Kg8) 48. Be7 Qf4+ 49. Kh3 Kg8 50. Rxe6 {[%emt 0:01:11] Threatening mate with Rg6+.} Nf8 {[%emt 0:00:21]
Prevents Rg6+.} 51. Rf6 {[%emt 0:01:15] Active counter play!} Qc1 52. Qf3 {[%emt 0:00:21] Weighted Error Value: White=0.13 (very precise) /
Black=0.47} ({And not} 52. Qxh5 Qh1+ 53. Kg4 (53. Kg3 Qg1+ 54. Kh3 Qh1+ 55. Kg4
Qg1+ 56. Kh3 Qh1+ $11) 53... Qg1+ 54. Kh3 Qh1+ 55. Kg4 (55. Kg3 Qg1+ 56. Kh3
Qh1+ $11) 55... Qg1+ 56. Kh3 Qh1+ $11) 1-0

[Event "44th Chess Olympiad Open 2022"]
[Site "Chennai"]
[Date "2022.08.06"]
[Round "8.3"]
[White "Vakhidov, Jakhongir"]
[Black "Nisipeanu, Liviu-Dieter"]
[Result "1/2-1/2"]
[WhiteElo "2564"]
[BlackElo "2642"]
[Annotator "TA"]
[PlyCount "59"]
[EventDate "2022.??.??"]
[TimeControl "60"]

1. c4 Nf6 2. Nc3 e6 3. e4 d5 4. cxd5 exd5 5. e5 Ne4 6. Nf3 Bf5 {[%emt 0:00:23] A18: English
Opening: Flohr-Mikenas System (1 c4 Nf6 2 Nc3 e6 3 e4).} 7. d3 Nxc3 8. bxc3 c5 {[%emt 0:
00:10] The position is equal.} 9. d4 Qa5 10.
Bd2 {[%emt 0:00:13] Threatening c4.} Nc6 11. c4 Qd8 12. Qb3 Be4 13. Qxb7 Rc8 14. Ng5 {[%emt 0:00:24]
[%csl Gg5][%cal Rb7f7] [#]} Be7 {[%emt 0:00:20] Hoping for ... Rc7.} (14... Rc7
15. Qb5 a6 16. Qa4 $16 (16. Qxa6 Nxd4 17. Nxe4 dxe4 $11)) 15. Nxe4 dxe4 16. d5 Nxe5 17.
Qb5+ Qd7 18. Rb1 Qxb5 19. Rxb5 Kd7 {[%emt 0:00:00] [#]} 20. Rb7+
$146 ({Predecessor:} 20. Bc3 Kd6 21. Ra5 Rb8 22. Kd2 Bf6 23.
Be2 Nd7 24. Bxf6 Nxf6 25. Kc2 Rb7 26. Rb1 {1-0 (39) Le,Q (2709)-Pichot,A (2630)
Chess.com INT 2020}) 20... Kd6 21. Be2 ({
Much weaker is} 21. Rxa7 Ra8 22. Rb7 Rhb8 23. Rxb8 Rxb8 $15) (21. Bf4 $14 f6
22. g4 (22. Rxa7 Ra8 $11)) 21... Rb8 $11 22. Rb3 Rxb3 23. axb3 Rb8 24.
Bd1 a5 {[%emt 0:08:54][%cal Ya5a4] ...
a4! is the strong threat.} 25. Bc2 ({Don't blunder} 25. Bxa5
$2 Ra8 26. Bc3 Nd3+ 27. Kf1 Ra2 $19) 25... a4 26. bxa4 Nxc4 27. Bf4+ Ne5 28. Bxe4 Rb4 29. Bxe5+ Kxe5 30. Bc2 {[%emt 0:00:22] Weighted Error
Value: White=0.07 (flawless) /Black=0.01 (flawless)} 1/2-1/2

[Event "44th Chess Olympiad Open 2022"]
[Site "Chennai"]
[Date "2022.08.06"]
[Round "8.4"]
[White "Guseinov, Gadir"]
[Black "Suleymenov, Alisher"]
[Result "0-1"]
[WhiteElo "2668"]
[BlackElo "2467"]
[Annotator "TA"]
[PlyCount "94"]
[EventDate "2022.??.??"]
[TimeControl "60"]

1. e4 c5 2. Nf3 Nc6 3. Nc3 e5 4. Bc4 Be7 5. d3 Nf6 6. Bg5 {[%emt 0:19:31] B30: Sicilian: 2...Nc6 3 Bb5, lines without ...g6.}
d6 7. Bxf6 Bxf6 8. Nd5 {
[%emt 0:00:05] White has an edge.} O-O 9. c3 (9. Nxf6+ Qxf6 10. c3 Bg4 $15) 9... Bg5 10. Nxg5 Qxg5 {[%emt 0:00:00] [#]} 11. Qd2 $146 ({Predecessor:} 
11. O-O Rb8 12. a4 Be6 13. Qf3 Qd8 14. Ne3 Ne7 15. h3 Qd7 16. Qg3 Rbd8 17. Rab1
{½-½ (34) Mende,I (2431)-Ciciotti,A (2429) ICCF email 2020}) 11... Qxg2 12. O-O-O {[%emt 0:00:51] Threatens to win with Rhg1.} Qh3 13. Rdg1 Qh4 $1 14. Rg5 {
[%emt 0:06:44] [#]} Kh8 $1 15. Rhg1 {[%emt 0:26:19] Strongly
threatening Nc7.} g6 16. Nc7 Rb8 17. Nb5 f6 18.
R5g3 Rd8 19. Nc7 f5 (19... Qxh2 20. Kb1 Na5 21. Bd5 $14) 20. Qg5 {[%emt 0:06:29] 
[#]} Qf4+ 21. Qxf4 exf4 22.
Rf3 {[%emt 0:00:16] Now White is beyond hope.} (22. Rh3 $17 {is the only way
for White.} fxe4 23. Be6) 22... Rd7 $19 23. Ne6 Ne5 24. Rh3 fxe4 25.
Nxf4 d5 26. Rg5 Nf7 ({Not} 26... dxc4 27. Rxe5 Rf7 28. Rh4 $17) (26... Nxc4 27.
dxc4 Rd6 28. Rh4 $11) ({Inferior is} 26... Rf7 27. Rh4 $19) 27. Rxd5 ({But not} 27. Nxg6+ Kg7 28. Rxh7+ Kxh7 $19) 27... Rxd5 28. Bxd5 Bxh3 29. Nxh3 {[%emt 0:00:08]
Endgame KRN-KBN} Ne5 30. Bxe4 Ng4 31. Kd2 Nxh2 32. Ng5 Ng4 33. f4 b6 34. d4 cxd4 35. cxd4 Kg7 36. Bc6 h6 37. Ne6+ Kf6 {[%emt 0:00:49] Black is clearly
winning.} 38. d5 g5 39. fxg5+ hxg5 40. b4 Ne5 41. Bb5 Rh8 42. a4 Rh4 43. Nc7 Ke7 44. Ne6 g4
{[%emt 0:00:00] Hoping for ...g3.} 45. Ng7 (45. Nd4 $142 Rh3
46. Nf5+ Kf6 47. Nd4) 45... Kf6 46. Ne8+ Kg5 47. d6 g3 {[%emt 0:00:00] Weighted Error
Value: White=0.44/Black=0.06 (flawless)} 0-1

[Event "44th Chess Olympiad Open 2022"]
[Site "Chennai"]
[Date "2022.08.06"]
[Round "8.4"]
[White "Abasov, Nijat"]
[Black "Nogerbek, Kazybek"]
[Result "1-0"]
[WhiteElo "2633"]
[BlackElo "2437"]
[Annotator "TA"]
[PlyCount "91"]
[EventDate "2022.??.??"]
[TimeControl "60"]

1. d4 Nf6 2. c4 e6 3. Nf3 d5 4. Nc3 Be7 5. Bf4 O-O 6. e3 c5 7. dxc5 Bxc5 8.
a3 Nc6 9. Rc1 dxc4 {[%emt 0:
00:00] D37: Queen's Gambit Declined: 5 Bf4.} 10. Bxc4 Qxd1+ 11. Kxd1 Rd8+ {[%emt 0:01:51] The position is
equal.} 12. Ke2 Bd7 {[%emt 0:10:19] [#]} 13. Nb5 $146 ({Predecessor:} 13. Rhd1 Ne7 14. Nb5 Ned5 15. Bxd5 Bxb5+ 16.
Bc4 Rxd1 17. Kxd1 Bxc4 18. Rxc4 Bb6 19. Ke2 Nd5 20. Be5 f6 21. Bd4 Bd8 22. b3 {
½-½ (22) Gelfand,B (2691)-Kramnik,V (2751) Monte Carlo 1999}) 13... Be7 14. Nbd4 Rac8 15. h3 Nxd4+ 16. Nxd4 Bc5 17. Be5 Bxd4 18. Bxd4 Rxc4 19. Rxc4 {[%emt 0:00:13] Bxf6 is the strong threat.}
Bb5 20. b3 Ne4 21. Rhc1 Nd6 {[%emt 0:00:00] [#] Pin} 22. a4 $1 Ba6 {[%emt 0:00:00] [#] Pin} (22... Bxc4+ 23. bxc4) 23. Bxa7 $1 Ra8 {[%emt 0:00:00] [#]} (23... Rc8 24. Kd3) 24. Bd4 f6 {[%emt 0:00:00] [#]} 25. f4 $1 Kf7 {
[%emt 0:00:00] [#]} 26. Kd3 $1 Rc8 {[%emt 0:10:07]
Pin} (26... Bxc4+ 27. bxc4) 27. R1c2 h5 {[%emt 0:01:59] [#]}
28. e4 $1 Nxc4 (28... Kg6 29. Rc1) 29. bxc4
$11 {[%emt 0:00:13] Endgame KRB-KRB} Kg6 30. a5 Kf7 31. Rc3 Kg6 32. Rc1 Kf7 33. e5 Kg6 34. exf6 gxf6 35. g4 hxg4 36. hxg4 e5 37. fxe5 fxe5 38. Be3 Rc6 39. Rh1 {[%emt 0:01:37] And now Rh6+ would win.} Kg7 {[%emt 0:00:00]
Prevents Rh6.} 40. Ke4 {[%emt 0:00:09] Hoping for c5.} Rxc4+ 41. Kf5 Bb5 42. Rb1 Bd7+ 43. Kxe5 Bc6 44. Bd4 Ra4 45. Bc3 Rxg4 $2 (45... Rc4 $11 46. Bd4 Kh6) 46. Kf5+ {[%emt 0:00:04] Weighted Error
Value: White=0.07 (flawless) /Black=0.05 (flawless)} 1-0

[Event "44th Chess Olympiad Open 2022"]
[Site "Chennai"]
[Date "2022.08.06"]
[Round "8.4"]
[White "Jumabayev, Rinat"]
[Black "Mamedov, Rauf"]
[Result "1/2-1/2"]
[WhiteElo "2617"]
[BlackElo "2656"]
[Annotator "TA"]
[PlyCount "85"]
[EventDate "2022.??.??"]
[TimeControl "60"]

1. d4 d5 2. c4 c6 3. Nf3 Nf6 4. e3 Bf5 5. Nc3 e6 6. Nh4 Bg6 7.
Nxg6 hxg6 8. Qd3 {[%emt 0:06:25] D12: Slav
Defence: 3 Nf3 Nf6 4 e3 Bf5.} Nbd7 9. g3 Be7 10. Bg2 {[%emt 0:01:02] White has an edge.} Rc8 11. O-O {[%emt 0:12:06] [#]} Qa5 $146 ({Predecessor:} 
11... dxc4 12. Qxc4 b5 13. Qe2 b4 14. Na4 Qa5 15. b3 c5 16. dxc5 Nxc5 17. Nxc5
Bxc5 {½-½ (44) Predke,A (2595)-Goryachkina,A (2493) Moscow 2018}) 12. c5 e5 13. b4 Qc7 14. e4 dxe4 15. Nxe4 Nd5 (15... Nxe4 $14 16. Qxe4 (16. Bxe4 Rd8 $14) 16... O-O) 16. dxe5
$16 Qxe5 {[%emt 0:11:55] [#]} (16... Nxe5 $16 {was worth a
try.} 17. Qd4 Rd8) 17. Rb1 ({White has to play} 17. Bg5 $1 $18 ) 17... Qh5 18. h4 {
[%emt 0:03:04] Active counter play!} O-O 19. Ng5 Ne5 20. Qe4 (20. Qb3 $1 $16) 20... Bxg5 21. Bxg5 f6 $36 {[%emt 0:05:18] White is under pressure.} 22.
Bd2 {[%emt 0:01:37] Against Nc3} Rce8 23. Rb3 g5 24. Qd4 Rd8 {[%emt 0:00:00][%cal Yd5f4]
Strongly threatening ...Nf4!} 25. Bxg5 Qe2 26. Bc1 Qxa2 27. Ra3 Qc2 28. h5 (28. Rxa7 $2 Nc3 29. Be4 (29. Qe3 $2 Rd3 $19) 29... Nxe4
$19) 28... a6 29. h6 g6 30.
Qh4 (30. Re1 $11) 30... Kh8 ({Black should
try} 30... Nc3 $1 $17 {[%cal Rc3e2] ...Ne2+ is the strong threat.} 31. Bf4 Ne2+
32. Kh1 g5 33. Bxg5 fxg5 34. Qxg5+ Qg6 35. Qxg6+ Nxg6) 31. Be4 Qe2 32. Qh1 ({White should play} 32. Bb1 $1
$15) 32... Nxb4 $19 {White must now prevent ... Nbd3. Pair of Knights!} 33. Re3 Qg4 (33... Qc4 $17 {And now ...Nd5 would win.
} 34. Bb2 Nbd3 35. Bxd3 Nxd3) 34. Bb2 (34. Qh4 $1 $15) 34...
Nd5 35. Rb3 Rf7 36. Qg2 Nc4 37. Bc1 {[%emt 0:00:00] Against Nd2} Re7
38. f3 Qe6 39. Qc2 {
[%emt 0:00:00] [#]} (39. Bxg6 Nce3 40. Re1 (40. Bxe3 $2 Nxe3 41. Rxe3 Qxe3+ 42.
Qf2 Qg5 $19) 40... Qg8 $17) 39... Ne5 40. Bb2 {[%emt 0:00:00]
[#]} Qh3 ({Stronger than} 40... Kh7 41. f4 Ng4 42. Bxg6+ Kxh6
43. f5 $11) (40... a5 $1 $17 {Hoping for ...Nb4.} 41. Bxd5 cxd5) 41. Bxe5 $15 Rxe5 (41... fxe5 $15 42. f4 (42. Qh2 Qxh2+ 43.
Kxh2 Kh7 $17) 42... Nf6) 42. f4 $1 $11 Re7 43. Bxd5 {[%emt 0:09:20] Weighted Error Value: White=0.26 (precise) /Black=0.
22 (precise)} 1/2-1/2

[Event "44th Chess Olympiad Open 2022"]
[Site "Chennai"]
[Date "2022.08.06"]
[Round "8.4"]
[White "Urazayev, Arystanbek"]
[Black "Durarbayli, Vasif"]
[Result "0-1"]
[WhiteElo "2430"]
[BlackElo "2638"]
[Annotator "TA"]
[PlyCount "66"]
[EventDate "2022.??.??"]
[TimeControl "60"]

1. e4 e5 2.
Nf3 Nc6 3. Bb5 a6 4. Ba4 Nf6 5. O-O Be7 6. Re1 b5 7. Bb3 O-O 8. a4 b4 9. d4 {[%emt 0:01:09] is cutting edge theory.} d6 10. dxe5 Nxe5 11. Nxe5 {[%emt 0:00:04] C88: Closed Ruy
Lopez: Anti-Marshall Systems.} dxe5 12. Qe2 Bc5 13. Be3 {[%emt 0:08:24] The position is equal.} Bd4 (13... Nxe4 $2 14. Qc4 Bxe3 15. Qxe4 Bxf2+ 16. Kxf2 $18) 14. c3 (14. Qd3 $5 ) 14... bxc3 15.
bxc3 Bxe3 16. Qxe3 Rb8 17. Nd2 Rb6 {[%emt 0:
28:40] [#]} 18. a5 $146 ({Predecessor:} 18. f3 Nh5 19. g3 Qe7
20. Bc4 Rd8 21. Nb3 Rg6 22. Rad1 Rf8 23. Kf2 Be6 24. Bd5 {0-1 (54) Kanarek,M 
(2508)-Salem,A (2642) Warsaw 2018}) 18... Ng4 19. Qe2 Rh6 20. h3 Nf6 {[%emt 0:00:
00][%cal Yg4f6,Yf6h5,Yh5f4,Yf4d3,Yd3f2] White must now prevent ... Nh5.} 21.
Nc4 Be6 22. Rab1 Nh5 {
[%emt 0:04:21] aiming for ...Qg5.} 23. Nxe5 {[%emt 0:07:16] Strongly
threatening Bxe6.} Nf4 24. Qf3 Qg5 {[%emt 0:
00:00][%csl Ye5,Yh3] Black has compensation.} 25. Ng4 Rg6 26. Kh1 (26. Bc2 $1 $11 {feels stronger.})
26... h5 $36 {[%emt 0:00:12] Black is really pushing.} 27. Ne3 {[%emt 0:01:38]
[#]} Qh4 $1 {[%emt 0:01:44][%cal Rf4h3] Hoping for ... Nxh3! Black is more
active.} 28. Rg1 Nd3 $1 29. Nf5 $2 {[%emt 0:
00:55] Now White is beyond hope.} (29. Nd1 $1 $15 Ne5 30. Qe3) 29... Nxf2+ $19 30. Kh2 Bxf5 31. exf5 {
[%emt 0:02:21] [#]} Rg3 32. Bxf7+ (32. Qxg3
$142 Ng4+ 33. Qxg4 hxg4 34. Rgd1) 32... Rxf7 ({Don't play} 
32... Kxf7 33. Qd5+ Kf6 34. Qe6+ Kg5 35. Qg6+ Kf4 36. Rb4+ Ne4 37. Qe6 Rxg2+
38. Rxg2 $18) 33. Rb8+ Kh7 {[%emt 0:00:00] Weighted Error
Value: White=0.56/Black=0.03 (flawless)} 0-1

[Event "44th Chess Olympiad Open 2022"]
[Site "Chennai"]
[Date "2022.08.06"]
[Round "8.5"]
[White "Giri, Anish"]
[Black "Erdos, Viktor"]
[Result "1-0"]
[WhiteElo "2760"]
[BlackElo "2586"]
[Annotator "TA"]
[PlyCount "85"]
[EventDate "2022.??.??"]
[TimeControl "60"]

1. Nf3 {[%emt 0:00:04] Huzman,A} d5 2. d4 Nf6 3. c4 dxc4 4. e3 e6 5. Bxc4 c5 6. O-O a6 7. Bd3 Nbd7 8. e4 {[%emt 0:11:59] D27:
Queen's Gambit Accepted: Classical main line: 7 e4!? and 7 a4.} cxd4 9. e5 Nd5 10.
Bc4 {[%emt 0:10:48] The position is equal.} Nb4 11. a3 Nc6 12. Re1 b5 13. Bf1 Bb7 14. Nbd2 {[%emt 0:02:51] [#]
} Be7 $146 ({Predecessor:} 14... h6 15. Nb3 Rc8 16. Bf4 Qb6
17. Rc1 Be7 18. Nfxd4 Nxd4 19. Rxc8+ Bxc8 20. Qxd4 Qxd4 21. Nxd4 Bg5 22. Rc1
O-O 23. Bxg5 hxg5 24. Nc6 Re8 25. Na7 {1-0 (25) Lautier,J (2645)-Hansen,C 
(2595) Malmo 1998 CBM 066 [Huzman,A]}) 15. Nb3 O-O 16. Bf4 Rc8 17. Bd3 Re8 18. Qe2 f5 19. exf6 $1 Bxf6 20. Be4 (20. Qe4 g6 21.
Qe2 e5 $17) 20... Na5 21. Nxa5 (21. Nbxd4 $2
Bxe4 22. Qxe4 Nc5 $17) 21... Bxe4 22. Qxe4 Qxa5 23. Rac1 (23. Nxd4 Nc5 24. Qe3 Bxd4 25.
Qxd4 Nb3 $17) 23... Qb6 24. Rxc8 Rxc8 25. b4 Rc3 26. g4 h6 (26... Rxa3 $2 {[#]} 27. Bc7 $1 Ra1 28. Bxb6 $18)
27. h4 $1 Rc4 (27... Rxa3 28. g5
hxg5 29. hxg5 $18) 28. g5 (28. Nd2 $5 Rc6 29.
g5 hxg5 30. hxg5 $11) 28... hxg5 29. hxg5 d3
$1 30. Qxd3 Qc6 31. Qd6 $36
{[%emt 0:06:50] White fights for an advantage.} Bb2 {[%emt 0:00:33] [#]} (31...
Qxf3 $2 32. Qxe6+ Kh7 33. Qf5+ g6 34. Qxd7+ Bg7 35. Re7 $18) (31... Qxd6 $11
32. Bxd6 Rc6) 32. Rxe6 $1 $14 {[%emt 0:00:57] White threatens Re8+ and mate.}
Qxd6 (32... Qxf3 $2 {is a self mate.} 33. Re8+) 33. Bxd6 Rc8 (33... Rc6 $14) 34. Kg2 Nb6 (34... Rc6 $16 {keeps fighting.}) 35. Bc5 $18 Nc4 36. Rxa6 Nxa3 37.
g6 Nc4 (37... Re8 $142 38. Ra7 Nc4) 38. Nd4 Ne5 39. Nxb5 Nd3 40. Bd6 {[%emt 0:04:02] Strongly threatening Na7.} Bc1 41. Nd4 {[%emt 0:32:41] aiming for b5.} Nf4+ 42. Bxf4 Bxf4 43. b5 {[%emt 0:00:00] Weighted Error
Value: White=0.05 (flawless) /Black=0.44} 1-0

[Event "44th Chess Olympiad Open 2022"]
[Site "Chennai"]
[Date "2022.08.06"]
[Round "8.5"]
[White "Berkes, Ferenc"]
[Black "Van Foreest, Jorden"]
[Result "1/2-1/2"]
[WhiteElo "2649"]
[BlackElo "2678"]
[Annotator "TA"]
[PlyCount "83"]
[EventDate "2022.??.??"]
[TimeControl "60"]

1.
Nf3 Nf6 2. g3 g6 3. Bg2 Bg7 4. O-O O-O 5. d4 d5 6. c3 Bf5 7. Qb3 {[%emt 0:07:31] D02:1 d4 d5 2 Nf3
sidelines, including 2...Nf6 3 g3 and 2...Nf6 3 Bf4.} Qc8 8.
c4 dxc4 9. Qxc4 {[%emt 0:00:06] [#] The
position is equal.} c5 $146 ({Predecessor:} 9... Nbd7 10. Nc3
c5 11. d5 Bg4 12. e4 e6 13. e5 exd5 14. Qf4 Bxf3 15. exf6 Bxg2 16. fxg7 {
0-1 (37) Mamedyarov,S (2774)-Vachier Lagrave,M (2779) Stavanger 2019}) 10. Qxc5 Qxc5 11. dxc5 Na6 12. c6 bxc6 13. Nd4 Nb4 14. Nxf5 gxf5 15. Na3 {
[%emt 0:07:14] Prevents Nc2.} Nfd5 16. Nc4 Rad8 (16... e6 $11 {remains equal.}) 17. Bd2 c5 18. Rfc1 Nb6 19. Bg5 {
[%emt 0:03:20] A strong pair of Bishops.} Rd7 ({But not} 19...
Nxc4 20. Rxc4 Rd7 21. Rxc5 $16) 20. a3 N4d5 (
{Resist} 20... Nxc4 21. Rxc4 Na6 22. Bc6 $16) 21. Rab1 (21.
Rc2 $5 ) 21... h6 22. Nxb6 axb6 23. Bd2 Rfd8 24. Be1 e6 25. e3 Nf6 26. b4 Ra7 27. bxc5 bxc5 28. Rxc5 Rxa3 29. Bf3 Nd7 30. Rc7 {[%emt 0:02:05] Bb4 is the strong
threat.} Be5 31. Rcc1 Rb8 32. Rxb8+ Nxb8 33. Kg2 Nd7 34. h3 Kg7 35. Rc2 Rb3 36. Ba5 Rb2 37.
Rc4 Rb5 38. Bd2 Rc5 39. Be2 Rxc4 40. Bxc4 Nf6 41. Kf1 Ne4 42. Ke2 {[%emt 0:00:24] Weighted Error Value: White=0.06 (flawless) /
Black=0.06 (flawless)} 1/2-1/2

[Event "44th Chess Olympiad Open 2022"]
[Site "Chennai"]
[Date "2022.08.06"]
[Round "8.5"]
[White "Kantor, Gergely"]
[Black "Warmerdam, Max"]
[Result "0-1"]
[WhiteElo "2582"]
[BlackElo "2610"]
[Annotator "TA"]
[PlyCount "56"]
[EventDate "2022.??.??"]
[TimeControl "60"]

1. d4 d5 2. c4 e6 3. Nc3 Nf6 4. cxd5 exd5 5. Bg5 Bb4 6. e3 h6 7. Bxf6 {[%emt 0:00:08] D35: Queen's Gambit Declined: Exchange Variation.}
Qxf6 8. Qa4+ Nc6 9. Nge2 {[%emt 0:18:09][%cal Yg1e2,Ye2f4,Yf4d3,Yd3e5] White has
an edge.} O-O 10. Nf4 Rd8 11. Rc1 {[%emt 0:42:23] [#]} g5 $146 ({Black
should try} 11... Bxc3+ $11 12. Rxc3 Qd6) ({Predecessor:} 11... Qd6 12. a3
Bxc3+ 13. Rxc3 Ne7 14. Bd3 c6 15. b4 b5 16. Qb3 a5 17. O-O axb4 18. axb4 {
1-0 (30) Veremechik,V-Okner,B USSR 1988}) 12. Nd3 (12. Nh5 $5 Qg6 13. Be2 $11) 12... Bf8 13. Be2 Ne7 14. O-O c6 15. Ne5 Nf5 16. Bh5 Be6 17. Nd3 Bd6 18. Qd1 Kh8 19. b4 Rg8 {[%emt 0:00:00][%cal Yg5g4]
Strongly threatening ...g4!} 20. h3 {[%emt 0:00:00] [#]} (20. g3 $11 {and
White has nothing to worry.}) 20... g4 $1 $19 21. Bxg4 {
[%emt 0:00:00] [#]} h5 $1 22. Bxh5 (22. e4
hxg4 23. exf5 Bxf5 24. Ne5) 22... Qh4 {[%emt 0:08:07] ( -> ...Qxh3)} 23. Qf3 {
[%emt 0:00:17] [#]} Nxd4 $1 24. exd4 Bxh3 25. Ne5 Bxe5 26. dxe5 Rxg2+ 27. Kh1 {[%emt 0:00:29] [#]} Rg1+ $3 {
[%emt 0:01:32] Decoy} 28. Kxg1 Rg8+ {[%emt 0:00:00] Weighted
Error Value: White=0.83/Black=0.07 (flawless)} 0-1